AoeStats
← Sacresh Martire

Arabia

510185594Analyzed
4v4 RM · 15h ago on Sep 29, 2026· 49m 55s· 8 players
Game mode
Random Map
Map size
Large (8 player)
Population
200
Speed
Normal
Resources
Standard
Victory
Conquest
Starting age
Dark Age
Ending age
Imperial Age
RankedLock teamsTeams togetherTeam positionsShared explorationLock speedFull tech treeHidden civsTurbo modeCheats
Victory
Defeat
🇧🇪 Gurjaras · Belgium
911
+15
🇲🇽 Varangians · Mexico
909
+15
🇹🇷 Mongols · Türkiye
773
+20
🇹🇷 Teutons · Türkiye
766
+21
🇹🇷 Cumans · Türkiye
978
-22
🇮🇹 Mongols · Italy
898
-19
🇨🇱 Turks · Chile
861
-17
🇹🇷 Bulgarians · Türkiye
770
-13
BlackDream
Hediyelik Yogurt
3:02 Loom
10:14 Feudal Age
17:13 Wheelbarrow
29:56 Castle Age
29:36 Horse Collar
29:46 Double-Bit Axe
30:14 Scale Barding Armor
31:36 Bloodlines
32:02 Heavy Plow
32:29 Bow Saw
33:05 Bloodlines
34:52 Hand Cart
34:27 Town Watch
38:12 Forging
39:20 Chain Barding Armor
39:36 Iron Casting
40:58 Gold Mining
40:59 Capped Ram
43:37 Light Cavalry
47:57 Imperial Age
48:19 Cavalier
48:33 Hussar
49:54 Plate Barding Armor
50:19 Blast Furnace
50:01 Gold Shaft Mining
Oguz CareVia
7:25 Loom
11:43 Feudal Age
12:58 Double-Bit Axe
14:47 Arson
15:34 Horse Collar
16:20 Scale Mail Armor
18:11 Forging
26:15 Castle Age
27:00 Stone Mining
27:03 Gold Mining
27:56 Heavy Plow
28:11 Bow Saw
27:54 Gambesons
30:42 Scale Barding Armor
39:55 Gold Shaft Mining
43:09 Imperial Age
41:14 Chain Barding Armor
41:09 Chain Mail Armor
41:30 Iron Casting
41:04 Elite Skirmisher
44:17 Stone Shaft Mining
43:53 Padded Archer Armor
43:44 Fletching
44:30 Plate Barding Armor
47:27 Chemistry
46:50 Ballistics
47:31 Chemistry
47:21 Stirrups
48:57 Elite Konnik
Sacresh Martire
5:43 Loom
10:15 Feudal Age
11:50 Double-Bit Axe
13:50 Bloodlines
17:36 Horse Collar
31:51 Castle Age
37:54 Heavy Plow
40:45 Stone Mining
40:46 Gold Mining
46:40 Imperial Age
46:22 Husbandry
47:23 Bow Saw
49:17 Onager
NordicPain
0:47 Loom
10:49 Feudal Age
16:00 Castle Age
14:21 Stone Mining
14:50 Double-Bit Axe
28:18 Forging
31:06 Bow Saw
33:14 Bloodlines
37:00 Wheelbarrow
40:45 Imperial Age
39:10 Horse Collar
39:29 Gold Mining
40:50 Iron Casting
40:20 Scale Barding Armor
40:48 Hand Cart
40:19 Town Watch
42:14 Conscription
43:19 Two-Man Saw
42:26 Heavy Plow
43:36 Blast Furnace
42:12 Capped Ram
43:20 Husbandry
44:23 Chain Barding Armor
44:22 Fortified Wall
44:24 Masonry
44:29 Elite Jarl
46:54 Ballistics
47:07 Architecture
47:43 Plate Barding Armor
46:40 Siege Ram
47:55 Gothikon
48:46 Squires
48:31 Gambesons
alpirowampir
0:31 Loom
12:24 Feudal Age
14:09 Double-Bit Axe
20:01 Town Watch
19:41 Man-at-Arms
24:18 Town Watch
27:44 Wheelbarrow
28:26 Scale Mail Armor
28:38 Forging
30:10 Arson
32:29 Castle Age
32:44 Gold Mining
32:44 Stone Mining
33:04 Horse Collar
33:37 Bow Saw
33:45 Hand Cart
33:00 Long Swordsman
33:27 Gambesons
33:43 Squires
33:04 Pikeman
34:18 Town Patrol
36:03 Hand Cart
36:51 Town Patrol
39:25 Iron Casting
39:06 Chain Mail Armor
39:55 Stone Shaft Mining
41:52 Heavy Plow
45:03 Imperial Age
45:44 Elite Teutonic Knight
47:20 Plate Mail Armor
48:19 Crop Rotation
48:25 Caravan
49:48 Two-Man Saw
50:20 Blast Furnace
49:25 Scale Barding Armor
50:25 Hoardings
50:11 Conscription
49:38 Cavalier
50:28 Bloodlines
bundy
5:06 Loom
12:32 Feudal Age
16:27 Castle Age
14:47 Gold Mining
14:51 Double-Bit Axe
15:25 Horse Collar
37:55 Bow Saw
38:26 Heavy Plow
40:45 Wheelbarrow
41:44 Stone Mining
43:57 Hand Cart
51:45 Imperial Age
49:33 Forging
49:40 Scale Barding Armor
50:00 Ballistics
50:01 Bloodlines
Carexes
11:43 Feudal Age
17:57 Castle Age
15:54 Double-Bit Axe
24:09 Castle Age
27:45 Fishing Lines
31:35 Wheelbarrow
31:44 Horse Collar
37:52 Hand Cart
37:33 Gillnets
38:52 Town Watch
39:45 Bow Saw
40:47 Heavy Plow
49:41 Imperial Age
46:57 Loom
47:14 Town Patrol
47:11 Man-at-Arms
47:51 Squires
47:45 Fletching
49:28 Bodkin Arrow
49:46 Forging
49:38 Padded Archer Armor
49:44 Scale Barding Armor
Connection lost

Rejoining the realm…

Still unreachable

The connection could not be restored.

Session expired

The server has moved on; the page needs a fresh start.